 Dungeon Crawl Stone Soup version 0.27.1-34-g3ba077fa99 (webtiles) character file.

Game seed: 12999442218106963414

133 Vylera the Stinger (level 5, -4/37 HPs)
             Began as a Gnoll Venom Mage on Jan 2, 2022.
             Slain by Grinder (6 damage)
             ... while paralysed by Grinder
             ... on level 3 of the Dungeon.
             The game lasted 00:06:26 (2296 turns).

Vylera the Stinger (Gnoll Venom Mage)               Turns: 2296, Time: 00:06:26

Health: -4/37      AC:  2    Str:  7    XL:     5   Next: 16%
Magic:  0/12       EV:  2    Int: 15    God:
Gold:   51         SH:  0    Dex: 13    Spells: 8/14 levels left

rFire    . . .     SeeInvis .   o - +0 war axe
rCold    . . .     Faith    .   (no shield)
rNeg     . . .     Spirit   +   a - +0 robe
rPois    .         Reflect  .   (no helmet)
rElec    .         Harm     .   (no cloak)
rCorr    .         Rampage  .   (no gloves)
Will     .....                  (no boots)
Stlth    +++.......             h - amulet of guardian spirit
HPRegen  0.12/turn              e - +4 ring of slaying
MPRegen  0.13/turn              (no ring)

@: paralysed
A: fangs 1, strong nose, distributed training
a: no special abilities


You were on level 3 of the Dungeon.
You visited 1 branch of the dungeon, and saw 3 of its levels.

You collected 51 gold pieces.

Inventory:

Hand Weapons
 b - a +0 whip
 c - a +0 spear
 o - a +0 war axe (weapon)
Armour
 a - a +0 robe (worn)
 m - a +0 cloak
Jewellery
 e - a +4 ring of slaying (left hand)
 h - an amulet of guardian spirit (around neck)
Scrolls
 d - 3 scrolls of fear {unknown}
 f - 2 scrolls of noise {unknown}
 g - 3 scrolls of teleportation {unknown}
 i - a scroll of vulnerability {unknown}
 j - a scroll of identify {unknown}
 l - a scroll of enchant weapon {unknown}
Potions
 k - a potion of might {unknown}
 n - a potion of curing {unknown}


   Skills:
 + Level 1.4 Fighting
 + Level 1.4 Short Blades
 + Level 1.4 Long Blades
 + Level 1.4 Axes
 + Level 1.4 Maces & Flails
 + Level 1.4 Polearms
 + Level 1.4 Staves
 + Level 1.4 Slings
 + Level 1.4 Bows
 + Level 1.4 Crossbows
 + Level 1.4 Throwing
 + Level 1.4 Armour
 + Level 4.7 Dodging
 + Level 4.3 Stealth
 + Level 1.4 Shields
 + Level 1.4 Unarmed Combat
 + Level 5.1 Spellcasting
 + Level 1.1 Conjurations
 + Level 1.1 Hexes
 + Level 1.1 Summonings
 + Level 1.1 Necromancy
 + Level 1.1 Translocations
 + Level 2.3 Transmutations
 + Level 1.1 Fire Magic
 + Level 1.1 Ice Magic
 + Level 1.1 Air Magic
 + Level 1.1 Earth Magic
 + Level 5.5 Poison Magic
 + Level 1.5 Invocations
 + Level 1.4 Evocations


You had 8 spell levels left.
You knew the following spells:

 Your Spells              Type           Power      Damage    Failure   Level
a - Sting                 Tmut/Pois      60%        1d6       3%          1
b - Poisonous Vapours     Pois/Air       26%        N/A       6%          2
c - Mephitic Cloud        Conj/Pois/Air  11%        N/A       17%         3

Your spell library contained the following spells:

 Spells                   Type           Power      Damage    Failure   Level
 Olgreb's Toxic Radiance  Pois           20%        N/A       16%         4


Dungeon Overview and Level Annotations

Branches:
Dungeon (3/15)

Altars:

Annotations:
D:3 Grinder


Innate Abilities, Weirdness & Mutations

You have very sharp teeth.
Your uncanny sense of smell can sniff out nearby items.
Your experience applies equally to all skills.


Message History

You resist with significant effort.
You hit Grinder.
Grinder is heavily wounded.
Grinder hits you!
You writhe in agony.
You hit Grinder.
Grinder is heavily wounded.
Grinder hits you! Grinder hits you.
* * * LOW HITPOINT WARNING * * *
You hit Grinder.
Grinder is severely wounded.
Grinder gestures at you. Pain shoots through your body!
You barely miss Grinder.
Grinder is severely wounded.
Grinder closely misses you. Grinder completely misses you.
You closely miss Grinder.
Grinder is severely wounded.
Grinder hits you.
* * * LOW HITPOINT WARNING * * *
You closely miss Grinder.
Grinder is severely wounded.
Grinder closely misses you. Grinder hits you.
* * * LOW HITPOINT WARNING * * *
You writhe in agony.
* * * LOW HITPOINT WARNING * * *
You hit Grinder but do no damage. Your bite misses Grinder.
Grinder is severely wounded.
Grinder blinks!
You slash Grinder!
Grinder is almost dead.
Grinder gestures at you. You resist with significant effort.
You closely miss Grinder.
Grinder is almost dead.
Grinder gestures at you.
You suddenly lose the ability to move!
Grinder gestures at you. You resist with significant effort. Grinder hits you.
You die...

#.###.#
#.###.....###
#...<........
#.###.##.###
#...# ###.# # #.#
.##.#
#######.###......
........5@....>..
.B.####.#####.#.#
#........
#....#... #..#.#
#..#.# #.## # #.#
#.#


You could see Grinder.

Vanquished Creatures
  A bullfrog skeleton (D:2)
  Terence (D:2)
  Robin (D:2)
  A gnoll (D:1)
  2 adders (D:2)
  A worm (D:2)
  8 endoplasms
  2 giant cockroaches (D:1)
  9 goblins
  4 hobgoblins (D:2)
  A ball python (D:1)
  3 bats (D:2)
  A frilled lizard (D:1)
  5 kobolds
  3 rats
43 creatures vanquished.

Notes
Turn   | Place    | Note
-------+----------+-------------------------------------------
     0 | D:1      | Vylera the Gnoll Venom Mage began the quest for the Orb.
     0 | D:1      | Reached XP level 1. HP: 13/13 MP: 6/6
   233 | D:1      | Reached XP level 2. HP: 19/19 MP: 3/7
   740 | D:1      | Reached XP level 3. HP: 25/25 MP: 6/9
   747 | D:1      | Reached skill level 5 in Spellcasting
  1235 | D:2      | Learned a level 2 spell: Poisonous Vapours
  1326 | D:2      | Reached skill level 1 in Invocations
  1333 | D:2      | Learned a level 3 spell: Mephitic Cloud
  1405 | D:2      | Reached skill level 1 in Fighting
  1405 | D:2      | Reached skill level 1 in Short Blades
  1405 | D:2      | Reached skill level 1 in Long Blades
  1405 | D:2      | Reached skill level 1 in Axes
  1405 | D:2      | Reached skill level 1 in Maces & Flails
  1405 | D:2      | Reached skill level 1 in Polearms
  1405 | D:2      | Reached skill level 1 in Staves
  1405 | D:2      | Reached skill level 1 in Slings
  1405 | D:2      | Reached skill level 1 in Bows
  1405 | D:2      | Reached skill level 1 in Crossbows
  1405 | D:2      | Reached skill level 1 in Throwing
  1405 | D:2      | Reached skill level 1 in Armour
  1405 | D:2      | Reached skill level 1 in Shields
  1405 | D:2      | Reached skill level 1 in Unarmed Combat
  1405 | D:2      | Reached skill level 1 in Evocations
  1448 | D:2      | Noticed Robin
  1464 | D:2      | Killed Robin
  1465 | D:2      | Reached XP level 4. HP: 26/32 MP: 3/11
  1577 | D:2      | Found a faded altar of an unknown god.
  1590 | D:2      | Reached skill level 1 in Conjurations
  1590 | D:2      | Reached skill level 1 in Hexes
  1590 | D:2      | Reached skill level 1 in Summonings
  1590 | D:2      | Reached skill level 1 in Necromancy
  1590 | D:2      | Reached skill level 1 in Translocations
  1590 | D:2      | Reached skill level 1 in Fire Magic
  1590 | D:2      | Reached skill level 1 in Ice Magic
  1590 | D:2      | Reached skill level 1 in Air Magic
  1590 | D:2      | Reached skill level 1 in Earth Magic
  1668 | D:2      | Noticed Terence
  1687 | D:2      | Killed Terence
  1688 | D:2      | Reached XP level 5. HP: 13/37 MP: 3/12
  2271 | D:3      | Noticed Grinder
  2292 | D:3      | HP: 1/37 [Grinder (5)]
  2295 | D:3      | Paralysed by Grinder for 3 turns
  2296 | D:3      | Slain by Grinder

Illustrated notes

Levels and vault maps discovered:
D:1:      roderic_dead_forest, layout_basic, minmay_misc_feat_tiny,
          minmay_curled_crystal
D:2:      layout_rooms, ebering_ecumenical_altar_webs, uniq_terence, uniq_robin
D:3:      layout_basic, biasface_ghost_orc_armoury, uniq_purgy,
          uniq_crazy_yiuf_cottage, uniq_grinder

Skill      XL: |  1  2  3  4 |
---------------+-------------+-----
Transmutations | 2 |  2.3
Spellcasting   | 5 |  5.1
Invocations    | 1 |  1.5
Fighting       | 1 |  1.4
Short Blades   | 1 |  1.4
Long Blades    | 1 |  1.4
Axes           | 1 |  1.4
Maces & Flails | 1 |  1.4
Polearms       | 1 |  1.4
Staves         | 1 |  1.4
Slings         | 1 |  1.4
Bows           | 1 |  1.4
Crossbows      | 1 |  1.4
Throwing       | 1 |  1.4
Armour         | 1 |  1.4
Shields        | 1 |  1.4
Unarmed Combat | 1 |  1.4
Evocations     | 1 |  1.4
Conjurations   | 1 |  1.1
Hexes          | 1 |  1.1
Summonings     | 1 |  1.1
Necromancy     | 1 |  1.1
Translocations | 1 |  1.1
Fire Magic     | 1 |  1.1
Ice Magic      | 1 |  1.1
Air Magic      | 1 |  1.1
Earth Magic    | 1 |  1.1
Dodging        | |  4.7
Stealth        | |  4.3
Poison Magic   | |  5.5

Action                   |  1- 3 |  4- 6 || total
-------------------------+-------+-------++-------
Melee: Unarmed           |     4 |       ||     4
       Whip              |    39 |    43 ||    82
       Bite              |     1 |     5 ||     6
       War axe           |       |    15 ||    15
 Cast: Sting             |    29 |     2 ||    31
       Mephitic Cloud    |     2 |       ||     2
       Poisonous Vapours |       |     2 ||     2
 Stab: Sleeping          |     1 |     1 ||     2
       Confused          |     1 |       ||     1
Armor: Robe              |     7 |     7 ||    14
Dodge: Dodged            |    25 |    40 ||    65
